 Dungeon Crawl Stone Soup version 0.30-a0-272-gf98c3da03f (webtiles) character file.

Game seed: 3854093395069804724

306 sleeves the Slasher (level 5, 0/41 HPs)
             Began as a Demigod Hunter on Oct 16, 2022.
             Killed by nerve-wracking pain
             ... invoked by an orc priest
              (8 damage)
             ... on level 4 of the Dungeon.
             The game lasted 00:04:18 (2950 turns).

sleeves the Slasher (Demigod Hunter)                Turns: 2950, Time: 00:04:19

Health: 0/41       AC:  3    Str: 12    XL:     5   Next: 93%
Magic:  7/7        EV: 12    Int: 11    God:
Gold:   179        SH:  0    Dex: 21    Spells: 4/4 levels left

rFire   . . .      SeeInvis .    b - +2 dagger (venom)
rCold   . . .      Faith    .    (no shield)
rNeg    . . .      Spirit   .    c - +0 leather armour
rPois   .          Reflect  .    (no helmet)
rElec   .          Harm     .    (no cloak)
rCorr   .          Rampage  .    (no gloves)
Will    .....                    (no boots)
Stlth   ++........               (no amulet)
HPRegen 0.26/turn                (no ring)
MPRegen 0.10/turn                (no ring)

@: no status effects
A: high MP 1, forlorn, divine attributes
a: no special abilities


You were on level 4 of the Dungeon.
You visited 1 branch of the dungeon, and saw 4 of its levels.

You collected 179 gold pieces.

Inventory:

Hand Weapons
 a - a +0 shortbow
 b - a +2 dagger of venom (weapon)
   (You took it off a goblin on level 3 of the Dungeon)
 m - a +2 short sword of draining
   (You took it off a kobold on level 1 of the Dungeon)
 t - a +0 falchion
   (You took it off an orc on level 3 of the Dungeon)
Missiles
 s - 2 throwing nets
Armour
 c - a +0 leather armour (worn)
 q - a +0 cloak
   (You found it on level 3 of the Dungeon)
Wands
 v - a wand of flame (24)
   (You found it on level 4 of the Dungeon)
 x - a wand of charming (8)
   (You found it on level 4 of the Dungeon)
Scrolls
 d - a scroll of immolation
 e - a scroll of enchant armour {unknown}
 f - 3 scrolls of identify {unknown}
 g - a scroll of magic mapping {unknown}
 h - 2 scrolls of butterflies {unknown}
 i - 3 scrolls of vulnerability {unknown}
 j - 2 scrolls of noise {unknown}
 u - a scroll of teleportation {unknown}
Potions
 k - 2 potions of might {unknown}
 l - a potion of flight {unknown}
 n - 2 potions of brilliance {unknown}
 o - 4 potions of curing {unknown}
 p - a potion of heal wounds {unknown}
 r - a potion of mutation {unknown}
 w - a potion of degeneration {unknown}


   Skills:
 - Level 1.7 Fighting
 + Level 5.1 Long Blades
 - Level 4.3 Ranged Weapons
 - Level 1.7 Dodging
 - Level 0.8 Stealth


You had 4 spell levels left.
You didn't know any spells.
Your spell library contained the following spells:

 Spells                   Type           Power      Damage    Failure   Level
 Beastly Appendage        Tmut           0%         N/A       41%         1
 Slow                     Hex            0%         N/A       41%         1
 Wereblood                Tmut           0%         N/A       56%         2
 Confusing Touch          Hex            0%         N/A       80%         3
 Gell's Gravitas          Tloc           0%         N/A       80%         3
 Lesser Beckoning         Tloc           0%         N/A       80%         3
 Spider Form              Tmut/Pois      0%         N/A       80%         3
 Teleport Other           Tloc           0%         N/A       80%         3
 Vampiric Draining        Necr           0%         2d6       80%         3


Dungeon Overview and Level Annotations

Branches:
Dungeon (4/15)
 Temple: D:4-7


Innate Abilities, Weirdness & Mutations

You have an increased reservoir of magic. (+10% MP)
You shall have no god before yourself.
Your divine heritage dramatically boosts your attributes as you level up.


Message History

You closely miss the goblin. The goblin misses you.
You closely miss the goblin.
The orc shouts!
The goblin hits you but does no damage.
You hit the goblin. You drain the goblin.
You kill the goblin!
You hit the orc.
The orc is almost dead.
The orc barely misses you.
You hit the orc.
You kill the orc!
No target in view!
No target in view!
No target in view!
No target in view!
No target in view!
No target in view!
You see here a +0 dagger. 2 jackals come into view.
There are monsters nearby!
There are monsters nearby!
There are monsters nearby!
A jackal comes into view.
The jackal barks! x3
You hit the jackal.
You kill the jackal!
The jackal bites you but does no damage.
You hit the jackal. You drain the jackal.
You kill the jackal!
You hit the jackal. You drain the jackal.
You kill the jackal!
No target in view!
No target in view!
No target in view!
No target in view!
No target in view!
No target in view!
No target in view!
No target in view!
No target in view!
No target in view!
No target in view!
Things that are here:
a jackal corpse; a jackal corpse
Found a spear.
h - 2 scrolls labelled VEIPHE WOADETI (gained 1)
A goblin comes into view. It is wielding a +0 club.
A goblin is nearby!
A goblin is nearby!
You see here a +0 spear.
The goblin shouts!
The goblin closely misses you.
You hit the goblin.
The goblin is severely wounded.
The goblin hits you with a +0 club.
You hit the goblin.
You kill the goblin!
No target in view!
HP restored.
You see here a +0 club.
Found a stone staircase leading down.
You see here a +0 club.
You see here a +0 spear.
Found a ring mail.
You see here a +0 dagger.
Things that are here:
a +0 hand axe; an orc corpse A dart slug comes into view.
The dart slug bites you but does no damage.
You hit the dart slug.
The dart slug is severely wounded.
You hit the dart slug.
The dart slug is almost dead.
The dart slug bites you.
You hit the dart slug.
You kill the dart slug!
No target in view!
No target in view!
No target in view!
You see here a dart slug corpse.
A rat comes into view.
A rat is nearby!
A rat is nearby!
The rat bites you.
You hit the rat.
You kill the rat!
No target in view!
No target in view!
No target in view!
No target in view!
No target in view!
No target in view!
You see here a rat corpse.
You see here a rat corpse.
An adder comes into view.
An adder is nearby!
An adder is nearby!
A frilled lizard comes into view.
The helpless adder fails to defend itself.
You hit the adder.
The adder is heavily wounded.
The adder bites you but does no damage. The adder bites you.
You barely miss the adder. You punch the adder.
The adder is almost dead.
The adder barely misses you.
You miss the adder.
The adder is almost dead.
The adder barely misses you.
You hit the adder.
You kill the adder!
You puncture the frilled lizard!
You kill the frilled lizard!
No target in view!
No target in view!
No target in view!
No target in view!
No target in view!
No target in view!
No target in view!
No target in view!
No target in view!
Found a hand axe.
l - a metallic silvery potion You see here a +0 hand axe.
A quokka comes into view.
A goblin comes into view. It is wielding a +0 dagger.
The goblin shouts!
The quokka barely misses you.
You barely miss the quokka. The quokka bites you.
You hit the quokka.
The quokka is heavily wounded.
The quokka bites you.
You hit the quokka. You drain the quokka.
You kill the quokka!
You closely miss the goblin. The goblin hits you with a +0 dagger.
You barely miss the goblin. The goblin barely misses you.
You hit the goblin. You drain the goblin.
You kill the goblin!
No target in view!
No target in view!
A worm comes into view.
A worm is nearby!
Unknown command.
Unknown command.
Unknown command.
Adjust (i)tems, (s)pells, or (a)bilities?
d - a +2 short sword of draining (weapon)
Adjust to which letter? (? for menu, Esc to quit)
b - a +2 short sword of draining (weapon)
d - a scroll of immolation
a - a +0 shortbow (weapon)
You shoot an arrow. The arrow hits the worm.
The worm is lightly wounded.
You shoot an arrow. The arrow hits the worm.
The worm is moderately wounded.
You shoot an arrow.
The arrow hits the worm but does no damage.
The worm is lightly wounded.
You shoot an arrow.
The arrow hits the worm but does no damage.
The worm is lightly wounded.
You shoot an arrow.
The arrow hits the worm but does no damage.
The worm is lightly wounded.
You shoot an arrow. The arrow hits the worm!
The worm is severely wounded.
You shoot an arrow. The arrow hits the worm!
You kill the worm!
You sense an unholy aura.
b - a +2 short sword of draining (weapon)
You now have 88 gold pieces (gained 9).
Things that are here:
a +0 dagger; a goblin corpse
Found a stone staircase leading down.
Found a stone staircase leading up.
Found a dagger.
a - a +0 shortbow (weapon)
There is a stone staircase leading up here.
i - 2 scrolls labelled KATEPT BENERGH (gained 1)
Found a stone staircase leading down.
A frilled lizard comes into view.
A frilled lizard is nearby!
You shoot an arrow. The arrow misses the frilled lizard.
You shoot an arrow. The arrow hits the frilled lizard!
You kill the frilled lizard!
No target in view!
An endoplasm, a ball python and an adder come into view.
The adder hisses angrily.
The endoplasm quivers.
There are monsters nearby!
There are monsters nearby!
You shoot an arrow. The arrow hits the adder!
You kill the adder!
The ball python hisses angrily.
You have reached level 4!
You shoot an arrow. The arrow hits the endoplasm!
You kill the endoplasm!
A bat comes into view.
You shoot an arrow. The arrow hits the ball python!
You kill the ball python!
The bat closely misses you.
You shoot an arrow. The arrow misses the bat.
The bat barely misses you.
You shoot an arrow. The arrow closely misses the bat.
The bat hits you but does no damage.
You shoot an arrow. The arrow hits the bat.
You kill the bat!
No target in view!
No target in view!
You see here a bat corpse.
Found a faded altar of an unknown god.
f - 2 scrolls labelled ZIEQOZ TEERGHIY (gained 1)
You now have 101 gold pieces (gained 13).
Found a short sword.
Found a stone staircase leading up.
A goblin comes into view. It is wielding a +0 dagger.
The goblin shouts!
The goblin unwields a +0 dagger.
The goblin wields a +0 sling.
The goblin shoots a sling bullet.
The sling bullet hits you but does no damage.
A goblin is nearby!
A goblin is nearby!
A goblin is nearby!
You shoot an arrow.
The arrow hits the goblin but does no damage.
The goblin shoots a sling bullet.
The sling bullet misses you.
You shoot an arrow. The arrow closely misses the goblin.
The goblin shoots a sling bullet.
The sling bullet hits you.
The goblin shoots a sling bullet.
The sling bullet barely misses you.
You shoot an arrow. The arrow hits the goblin!
You kill the goblin!
There is a stone staircase leading up here.
You now have 113 gold pieces (gained 12).
You see here an adder corpse.
You now have 123 gold pieces (gained 10).
There is a stone staircase leading up here.
Key pressed, stopping explore.
You see here a +0 hand axe.
Done exploring.
Done exploring.
Done exploring.
Done exploring.
Done exploring.
(D) Dungeon
Where to? (Enter - D:2, ? - help)
There is a stone staircase leading down here.
You climb downwards.
There is a stone staircase leading up here.
A frilled lizard is nearby!
A frilled lizard is nearby!
A frilled lizard is nearby!
You sense an unholy aura.
b - a +2 short sword of draining (weapon)
You barely miss the frilled lizard.
The frilled lizard bites you but does no damage.
a - a +0 shortbow (weapon)
You shoot an arrow.
The arrow closely misses the frilled lizard.
The frilled lizard closely misses you. The frilled lizard misses you.
You sense an unholy aura.
b - a +2 short sword of draining (weapon)
You hit the frilled lizard.
You kill the frilled lizard!
No target in view!
No target in view!
No target in view!
No target in view!
No target in view!
No target in view!
An endoplasm comes into view.
a - a +0 shortbow (weapon)
An endoplasm is nearby!
An endoplasm is nearby!
An endoplasm is nearby!
You shoot an arrow. The arrow hits the endoplasm.
The endoplasm is almost dead.
You shoot an arrow. The arrow hits the endoplasm.
You kill the endoplasm!
A goblin comes into view. It is wielding a +2 dagger of venom.
The goblin shouts!
A goblin is nearby!
A goblin is nearby!
You shoot an arrow. The arrow hits the goblin.
The goblin is moderately wounded.
You shoot an arrow. The arrow hits the goblin!
You kill the goblin!
Your Long Blades skill increases to level 3!
Things that are here:
a +2 dagger of venom; a goblin corpse
m - a +2 dagger of venom Your +2 dagger of venom begins to drip with poison!
m - a +2 dagger of venom (weapon)
n - a lumpy brown potion A bat comes into view.
A bat is nearby!
Your +2 dagger of venom stops dripping with poison.
a - a +0 shortbow (weapon)
A bat is nearby!
You shoot an arrow. The arrow hits the bat.
The bat is severely wounded.
You shoot an arrow. The arrow hits the bat.
You kill the bat!
Adjust (i)tems, (s)pells, or (a)bilities?
m - a +2 dagger of venom Adjust to which letter? (? for menu, Esc to quit)
b - a +2 dagger of venom;
m - a +2 short sword of draining Your +2 dagger of venom begins to drip with poison!
b - a +2 dagger of venom (weapon)
Your +2 dagger of venom stops dripping with poison.
a - a +0 shortbow (weapon)
You see here a bat corpse.
A bat comes into view.
The bat misses you.
A bat is nearby!
A bat is nearby!
You shoot an arrow. The arrow barely misses the bat.
The bat hits you. The bat closely misses you.
Your +2 dagger of venom begins to drip with poison!
b - a +2 dagger of venom (weapon)
The bat barely misses you. The bat hits you.
You barely miss the bat. The bat barely misses you.
Found a hand axe.
The bat hits you but does no damage.
You miss the bat. The bat hits you but does no damage.
You closely miss the bat. The bat closely misses you.
The bat hits you but does no damage. x2
You closely miss the bat. The bat hits you.
You hit the bat.
You kill the bat!
No target in view!
No target in view!
No target in view!
No target in view!
No target in view!
HP restored.
You see here a +0 hand axe.
An orc comes into view. It is wielding a +0 short sword.
The orc shouts!
You hear a shout!
An orc is nearby!
An orc is nearby!
Your +2 dagger of venom stops dripping with poison.
a - a +0 shortbow (weapon)
An orc comes into view.
It is wielding a +0 club and quivering silver boomerangs.
You shoot an arrow. The arrow hits the orc.
The orc is moderately wounded.
You shoot an arrow. The arrow hits the orc.
You kill the orc!
The orc throws a silver boomerang.
The silver boomerang barely misses you.
You shoot an arrow.
The arrow hits the orc but does no damage.
You hear a shout!
An orc comes into view. It is wielding a +0 whip.
The orc throws a silver boomerang.
The silver boomerang barely misses you.
You shoot an arrow.
The arrow hits the orc but does no damage.
You hear a shout!
An orc priest comes into view. It is wielding a +0 club.
You shoot an arrow. The arrow closely misses the orc.
The arrow hits the orc.
The orc is moderately wounded.
The orc priest calls upon Beogh to heal the orc.
The orc's wounds heal themselves!
You shoot an arrow. The arrow hits the orc!
You kill the orc!
The orc priest miscasts a cantrip.
You shoot an arrow. The arrow closely misses the orc.
You shoot an arrow. The arrow hits the orc.
The orc is heavily wounded.
The orc throws a silver boomerang.
The silver boomerang barely misses you.
You shoot an arrow. The arrow closely misses the orc.
The orc throws a silver boomerang.
The silver boomerang hits you but does no damage.
You shoot an arrow. The arrow barely misses the orc.
The orc throws a silver boomerang.
The silver boomerang completely misses you.
You shoot an arrow. The arrow hits the orc.
The orc is heavily wounded.
Your +2 dagger of venom begins to drip with poison!
b - a +2 dagger of venom (weapon)
The orc priest calls upon Beogh to heal the orc.
The orc's wounds heal themselves!
The orc hits you with a +0 club.
You hit the orc.
The orc is poisoned.
The orc is lightly wounded.
You hit the orc.
The orc looks even sicker.
The orc is heavily wounded.
The orc closely misses you.
You hit the orc.
The orc is heavily wounded.
The orc priest mumbles some strange prayers to Beogh against you.
You barely resist. The orc hits you but does no damage.
You hit the orc priest but do no damage.
The orc priest is poisoned.
The orc priest miscasts a cantrip.
The orc hits you but does no damage.
You hit the orc priest.
The orc priest looks as sick as possible!
The orc priest is moderately wounded.
You hit the orc priest.
The orc priest looks as sick as possible!
The orc priest is almost dead.
The orc priest calls upon Beogh to heal the orc.
The orc's wounds heal themselves!
The orc barely misses you.
You closely miss the orc.
You kill the orc priest!
The orc closely misses you.
You hit the orc.
The orc looks as sick as possible!
The orc is heavily wounded.
You kill the orc!
Things that are here:
a +0 club; 2 silver boomerangs; a +0 leather armour Your +2 dagger of venom stops dripping with poison.
a - a +0 shortbow (weapon)
You see here a +0 club.
Things that are here:
a +0 whip; an orc corpse A ball python comes into view.
A ball python is nearby!
A ball python is nearby!
You shoot an arrow. The ball python hisses angrily.
The arrow hits the ball python!
You kill the ball python!
No target in view!
A rat comes into view.
A rat is nearby!
A rat is nearby!
You shoot an arrow. The arrow hits the rat.
You kill the rat!
No target in view!
A bat comes into view.
A bat is nearby!
A bat is nearby!
You shoot an arrow. The arrow hits the bat.
The bat is severely wounded.
You shoot an arrow.
The arrow hits the bat but does no damage.
The bat is severely wounded.
The bat hits you but does no damage. The bat closely misses you.
A bat is nearby!
A bat is nearby!
You shoot an arrow. The arrow hits the bat!
You kill the bat!
No target in view!
A rat comes into view.
A rat is nearby!
A rat is nearby!
You shoot an arrow. The arrow hits the rat.
You kill the rat!
No target in view!
o - a metallic brown potion A bat comes into view.
A bat is nearby!
You shoot an arrow. The arrow hits the bat.
You kill the bat!
No target in view!
A ball python comes into view.
The ball python hisses angrily.
You shoot an arrow.
The arrow barely misses the ball python.
You shoot an arrow.
The arrow barely misses the ball python.
The ball python bites you but does no damage.
The ball python misses you. The ball python barely misses you.
The ball python grabs you. The ball python constricts you.
You shoot an arrow. The arrow hits the ball python!
You kill the ball python!
p - a silvery potion An endoplasm comes into view.
An endoplasm is nearby!
An endoplasm is nearby!
You shoot an arrow. The arrow hits the endoplasm!
You kill the endoplasm!
No target in view!
f - 3 scrolls labelled ZIEQOZ TEERGHIY (gained 1)
Found 2 silver javelins.
You see here 2 silver javelins.
Found a stone staircase leading down.
There is a stone staircase leading down here.
You open the door.
An adder comes into view.
You shoot an arrow. The arrow hits the adder.
The adder is moderately wounded.
You shoot an arrow. The arrow barely misses the adder.
The adder bites you. The adder bites you but does no damage.
You shoot an arrow. The arrow barely misses the adder.
The adder bites you but does no damage.
Your +2 dagger of venom begins to drip with poison!
b - a +2 dagger of venom (weapon)
The adder closely misses you.
You closely miss the adder.
The adder is moderately wounded.
The adder bites you.
You hit the adder.
The adder is poisoned.
The adder is severely wounded.
The adder misses you.
You hit the adder.
You kill the adder!
No target in view!
Your +2 dagger of venom stops dripping with poison.
a - a +0 shortbow (weapon)
There is an open door here.
You see here an adder corpse.
q - a +0 cloak As you open the door, it creaks loudly!
There is an open door here.
There is an open door here.
As you open the door, it creaks loudly!
There is an open door here.
Key pressed, stopping explore.
A jackal comes into view.
A jackal is nearby!
A jackal is nearby!
A jackal is nearby!
You shoot an arrow. The arrow hits the jackal!
You kill the jackal!
A jackal comes into view.
The jackal moves out of view.
No target in view!
No target in view!
No target in view!
A ball python comes into view.
Found a lumpy brown potion.
A ball python is nearby!
A ball python is nearby!
You shoot an arrow. The arrow hits the ball python!
You kill the ball python!
You hear a bark! x2
No target in view!
No target in view! 2 jackals come into view.
The jackal barks!
There are monsters nearby!
There are monsters nearby!
You shoot an arrow. The jackal barks! x2
The arrow hits the jackal!
You kill the jackal!
You hear an angry hiss.
You shoot an arrow. The arrow hits the jackal.
The jackal is severely wounded.
You shoot an arrow. The arrow barely misses the jackal.
You shoot an arrow. The arrow barely misses the jackal.
The jackal bites you but does no damage.
The jackal barely misses you. The jackal closely misses you.
The jackal bites you.
You shoot an arrow. The arrow closely misses the jackal.
The jackal closely misses you. The jackal barely misses you.
You shoot an arrow. The arrow barely misses the jackal.
The jackal closely misses you. The jackal bites you.
The jackal barely misses you. x2
Your +2 dagger of venom begins to drip with poison!
b - a +2 dagger of venom (weapon)
The jackal closely misses you.
The jackal bites you but does no damage.
You hit the jackal.
The jackal is poisoned.
The jackal is almost dead.
You kill the jackal!
The jackal bites you but does no damage.
You completely miss the jackal. The jackal barely misses you.
You hit the jackal.
The jackal is poisoned.
The jackal is moderately wounded.
The jackal closely misses you. The jackal barely misses you.
You hit the jackal but do no damage.
The jackal is almost dead.
The jackal bites you but does no damage.
You miss the jackal.
The jackal is almost dead.
The jackal barely misses you.
You hit the jackal.
You kill the jackal!
No target in view!
No target in view!
No target in view!
No target in view!
No target in view!
n - 2 lumpy brown potions (gained 1)
You open the door.
A kobold comes into view.
It is wielding a +0 club and quivering poisoned darts.
A kobold is nearby!
A kobold is nearby!
Your +2 dagger of venom stops dripping with poison.
a - a +0 shortbow (weapon)
You shoot an arrow. The arrow hits the kobold.
The kobold shouts!
The kobold is severely wounded.
You shoot an arrow. The arrow hits the kobold!
You kill the kobold!
There is an open door here.
Things that are here:
a +0 club; 5 poisoned darts; a kobold corpse You open the door.
There is an open door here.
A rat comes into view.
A rat is nearby!
You shoot an arrow.
The arrow hits the rat but does no damage.
You shoot an arrow. The arrow barely misses the rat.
You shoot an arrow. The arrow hits the rat.
The rat is severely wounded.
You shoot an arrow. The arrow hits the rat!
You kill the rat!
No target in view!
o - 2 metallic brown potions (gained 1)
A frilled lizard comes into view.
A frilled lizard is nearby!
A frilled lizard is nearby!
A frilled lizard is nearby!
You shoot an arrow.
The arrow closely misses the frilled lizard.
You shoot an arrow.
The arrow barely misses the frilled lizard.
A frilled lizard is nearby!
You shoot an arrow.
The arrow closely misses the frilled lizard.
A frilled lizard is nearby!
A frilled lizard is nearby!
You shoot an arrow.
The arrow barely misses the frilled lizard.
Your +2 dagger of venom begins to drip with poison!
b - a +2 dagger of venom (weapon)
The frilled lizard bites you but does no damage.
You closely miss the frilled lizard.
The frilled lizard bites you but does no damage.
You hit the frilled lizard.
You kill the frilled lizard!
No target in view!
Your +2 dagger of venom stops dripping with poison.
a - a +0 shortbow (weapon)
Found a buckler.
You see here a frilled lizard corpse.
j - 2 scrolls labelled DYPEH HUGO (gained 1)
r - a bubbling amethyst potion A hobgoblin comes into view.
Found a dagger.
A hobgoblin is nearby!
You shoot an arrow. The arrow hits the hobgoblin.
The hobgoblin is lightly wounded.
You hear an angry hiss.
An adder comes into view.
You shoot an arrow. The arrow hits the hobgoblin.
The hobgoblin is heavily wounded.
The hobgoblin barely misses you.
You shoot an arrow. The arrow hits the hobgoblin!
You kill the hobgoblin!
The adder barely misses you.
An adder is nearby!
You shoot an arrow. The arrow barely misses the adder.
The adder misses you.
You shoot an arrow. The arrow hits the adder.
The adder is heavily wounded.
The adder barely misses you. x2
You shoot an arrow. The arrow hits the adder.
You kill the adder!
You have reached level 5!
You see here a hobgoblin corpse.
s - 2 throwing nets An orc comes into view.
It is wielding a +0 flail.
The orc shouts!
An orc comes into view. It is wielding a +0 club.
The orc moves out of view.
An orc is nearby!
An orc is nearby!
You shoot an arrow. The arrow hits the orc.
The orc is lightly wounded.
You hear a shout! x2
You shoot an arrow. The arrow hits the orc!
You kill the orc!
Your Long Blades skill increases to level 4!
No target in view! 2 orcs come into view.
Found a stone staircase leading up.
An orc comes into view. It is wielding a +0 dagger.
There are monsters nearby!
There are monsters nearby!
You shoot an arrow. The arrow hits the orc.
The orc is lightly wounded.
Your +2 dagger of venom begins to drip with poison!
b - a +2 dagger of venom (weapon)
You hit the orc.
The orc is poisoned.
The orc is heavily wounded.
The orc hits you with a +0 flail.
You hit the orc.
You kill the orc!
You hit the orc.
The orc is poisoned.
The orc is lightly wounded.
The orc hits you but does no damage.
You completely miss the orc.
The orc is heavily wounded.
The orc hits you with a +0 dagger.
You hit the orc but do no damage.
The orc looks as sick as possible!
The orc is almost dead.
You kill the orc!
You hit the orc.
The orc is poisoned.
The orc is heavily wounded.
The orc hits you with a +0 falchion!
You are too injured to fight recklessly!
You are too injured to fight recklessly!
You are too injured to fight recklessly!
You are too injured to fight recklessly!
You are too injured to fight recklessly!
You are too injured to fight recklessly!
You are too injured to fight recklessly!
You are too injured to fight recklessly!
You are too injured to fight recklessly!
You are too injured to fight recklessly!
You are too injured to fight recklessly!
You are too injured to fight recklessly!
You puncture the orc!
You kill the orc!
Your +2 dagger of venom stops dripping with poison.
a - a +0 shortbow (weapon)
There is a stone staircase leading up here.
Found a stone staircase leading down.
You open the door.
There is an open door here.
You open the door.
There is an open door here.
You open the door.
There is an open door here.
There is an open door here.
You see here a jackal skeleton.
You see here a jackal skeleton.
You see here a jackal skeleton.
There is an open door here.
There is an open door here.
You open the door.
Found a stone staircase leading up and a stone staircase leading down.
There is an open door here.
You now have 135 gold pieces (gained 12).
You open the door.
There is an open door here.
Done exploring.
Done exploring.
Done exploring.
Done exploring.
Done exploring.
Search for what [? for help]? blade Done exploring.
Done exploring.
Done exploring.
(D) Dungeon
Where to? (Enter - D:3, ? - help)
There is an open door here.
There is a stone staircase leading down here.
You climb downwards.
There is a stone staircase leading up here.
Search for what [Enter for "blade", or ? for help]?
You climb upwards.
There is a stone staircase leading down here.
There is an open door here.
Items here: ))) [ รท.
t - a +0 falchion
(D) Dungeon
Where to? (Enter - D:3 @ (x,y), ? - help)
There is a stone staircase leading down here.
You climb downwards.
There is a stone staircase leading up here.
You now have 142 gold pieces (gained 7).
Found a shortbow.
You now have 150 gold pieces (gained 8).
o - 4 metallic brown potions (gained 2)
A scorpion comes into view.
A scorpion is nearby!
You shoot an arrow. The arrow hits the scorpion.
The scorpion is moderately wounded.
You shoot an arrow.
The arrow hits the scorpion but does no damage.
The scorpion is moderately wounded.
You shoot an arrow. The arrow barely misses the scorpion.
You shoot an arrow.
The arrow hits the scorpion but does no damage.
The scorpion is moderately wounded.
The scorpion stings you.
You shoot an arrow.
The arrow hits the scorpion but does no damage.
The scorpion is moderately wounded.
The scorpion closely misses you.
You shoot an arrow. The arrow barely misses the scorpion.
The scorpion closely misses you. The scorpion barely misses you.
You shoot an arrow. The arrow hits the scorpion!
The scorpion is almost dead.
The scorpion barely misses you.
You shoot an arrow. The arrow hits the scorpion.
The scorpion is almost dead.
The scorpion closely misses you. x2
You shoot an arrow. The arrow hits the scorpion!
You kill the scorpion!
HP restored.
u - a scroll labelled LEYPLA JYCSO
Found 5 poisoned darts.
You now have 157 gold pieces (gained 7).
You see here 5 poisoned darts.
You now have 168 gold pieces (gained 11).
A goblin comes into view. It is wielding a +0 club.
A goblin is nearby!
You shoot an arrow. The arrow hits the goblin.
The goblin is severely wounded.
You shoot an arrow. The arrow closely misses the goblin.
The goblin completely misses you.
Your +2 dagger of venom begins to drip with poison!
b - a +2 dagger of venom (weapon)
You hit the goblin.
You kill the goblin!
No target in view!
Things that are here:
a +0 club; a goblin corpse
Things that are here:
a +0 club; a goblin corpse A kobold comes into view.
It is wielding a +0 dagger.
Found 9 stones.
The kobold shouts!
A kobold is nearby!
A kobold is nearby!
Your +2 dagger of venom stops dripping with poison.
a - a +0 shortbow (weapon)
You shoot an arrow. The arrow hits the kobold.
You kill the kobold!
You hear a shout!
You hear a bark!
You hear a shout!
No target in view!
No target in view!
A hound comes into view.
Found an encrusted silver wand.
The hound moves out of view.
i - 3 scrolls labelled KATEPT BENERGH (gained 1)
A hound is nearby!
A hound is nearby!
You shoot an arrow. The arrow closely misses the hound.
The hound barks!
The hound barely misses you. The hound bites you.
Your +2 dagger of venom begins to drip with poison!
b - a +2 dagger of venom (weapon)
The hound bites you but does no damage.
You hit the hound.
The hound is poisoned.
The hound is moderately wounded.
The hound misses you.
You hit the hound but do no damage.
The hound looks as sick as possible!
The hound is heavily wounded.
The hound bites you.
You closely miss the hound.
The hound is almost dead.
The hound bites you. The hound barely misses you.
You hit the hound.
You kill the hound!
No target in view!
An orc comes into view. It is wielding a +0 mace.
Your +2 dagger of venom stops dripping with poison.
a - a +0 shortbow (weapon)
You shoot an arrow. The arrow hits the orc!
You kill the orc!
No target in view!
No target in view!
Your +2 dagger of venom begins to drip with poison!
b - a +2 dagger of venom (weapon)
v - a wand of flame (24)
Found a stone staircase leading down.
You now have 179 gold pieces (gained 11).
A sourceless malevolence fills the Dungeon... and a teleportation trap spontaneously manifests!
You are yanked towards a nearby monster!
Your surroundings suddenly seem different.
An adder comes into view.
The adder hisses angrily.
The adder bites you but does no damage.
An adder is nearby!
Your +2 dagger of venom stops dripping with poison.
a - a +0 shortbow (weapon)
The adder misses you.
You shoot an arrow. The arrow barely misses the adder.
The adder misses you.
You shoot an arrow. The arrow completely misses the adder.
The adder bites you. x2
You shoot an arrow. The arrow hits the adder.
The adder is moderately wounded.
The adder closely misses you. The adder bites you but does no damage.
You shoot an arrow. The arrow hits the adder.
The adder is heavily wounded.
The adder closely misses you.
You shoot an arrow. The arrow closely misses the adder.
The adder barely misses you. The adder closely misses you.
You shoot an arrow. The arrow closely misses the adder.
The adder closely misses you. The adder bites you but does no damage.
You shoot an arrow. The arrow barely misses the adder.
The adder bites you. The adder bites you but does no damage.
You shoot an arrow.
The arrow hits the adder but does no damage.
The adder is heavily wounded.
The adder bites you.
You are poisoned.
The adder poisons you!
You shoot an arrow. The arrow hits the adder.
You kill the adder!
You feel sick.
No target in view!
Your +2 dagger of venom begins to drip with poison!
b - a +2 dagger of venom (weapon)
You feel sick.
No target in view!
No target in view!
No target in view!
You feel sick.
You feel sick.
You feel sick.
You feel sick.
You are no longer poisoned.
A kobold comes into view. It is wielding a +0 dagger.
A kobold is nearby!
A kobold is nearby!
Your +2 dagger of venom stops dripping with poison.
a - a +0 shortbow (weapon)
No target in view!
No target in view!
A kobold is nearby!
You shoot an arrow. The kobold shouts!
The arrow hits the kobold but does no damage.
The kobold throws a stone.
The stone closely misses you.
You shoot an arrow. The arrow hits the kobold.
You kill the kobold!
No target in view!
No target in view!
A quokka comes into view.
You see here an adder corpse.
A quokka is nearby!
A quokka is nearby!
A quokka is nearby!
You shoot an arrow. The arrow hits the quokka.
The quokka is heavily wounded.
You shoot an arrow. The arrow hits the quokka!
You kill the quokka!
No target in view!
w - a bubbling brown potion
Things that are here:
a +0 dagger; 3 stones
Found 6 poisoned darts.
Found a chain mail.
Found a stone staircase leading down.
Found a stone staircase leading down.
An iguana comes into view.
The iguana moves out of view.
An iguana is nearby!
An iguana is nearby!
You shoot an arrow. The arrow hits the iguana!
The iguana is heavily wounded.
Your +2 dagger of venom begins to drip with poison!
b - a +2 dagger of venom (weapon)
You hit the iguana.
The iguana is heavily wounded.
The iguana closely misses you.
You barely miss the iguana.
The iguana is heavily wounded.
The iguana bites you!
You hit the iguana.
The iguana is poisoned.
The iguana is severely wounded.
The iguana barely misses you.
You hit the iguana but do no damage.
The iguana looks as sick as possible!
The iguana is severely wounded.
You kill the iguana!
Your Long Blades skill increases to level 5!
No target in view!
Your +2 dagger of venom stops dripping with poison.
a - a +0 shortbow (weapon)
A goblin comes into view. It is wielding a +0 dagger.
Found a stone staircase leading up.
A goblin is nearby!
A goblin is nearby!
A goblin is nearby!
You shoot an arrow. The arrow hits the goblin!
You kill the goblin!
No target in view!
x - a wand of charming (8)
An orc and an orc priest come into view.
The orc is wielding a +1 trident of freezing.
There are monsters nearby!
Your +2 dagger of venom begins to drip with poison!
b - a +2 dagger of venom (weapon)
An orc wizard comes into view. It is wielding a +0 dagger.
The orc priest hits you with a +0 dagger.
You closely miss the orc priest.
The orc priest hits you with a +0 dagger.
You hit the orc priest.
The orc priest is poisoned.
The orc priest is moderately wounded.
The orc priest hits you with a +0 dagger.
You barely miss the orc priest.
The orc priest is moderately wounded.
You hit the orc wizard but do no damage.
The orc wizard is poisoned.
You closely miss the orc wizard. You hit the orc wizard.
The orc wizard is moderately wounded.
The orc wizard hits you but does no damage.
You hit the orc wizard but do no damage.
The orc wizard looks as sick as possible!
The orc wizard is moderately wounded.
The orc wizard points at you and mumbles some strange words.
The magic dart hits you!
You closely miss the orc wizard.
The orc wizard is heavily wounded.
The orc wizard gestures at you while chanting.
The magic dart hits you!
* * * LOW HITPOINT WARNING * * *
The orc priest invokes the aid of Beogh against you.
Beogh smites you!
* * * LOW HITPOINT WARNING * * *
You kill the orc wizard!
The orc priest mumbles some strange prayers to Beogh against you.
Pain shoots through your body!
You die...

## ..# ## ##.#
#. .#.# #.#...#
# #...#.#
#.##.##.#
#....@..#
####.##)#
#.##.oo...#
#####.#########
#.....##########
#.######......)#
#.######.......#
#..##........<.#
##.##.##.......#


You could see an orc priest (poisoned) and an orc.

Vanquished Creatures
  A scorpion (D:4)
  An orc priest (D:3)
  A hound (D:4)
  An iguana (D:4)
  An orc wizard (D:4)
  2 gnolls (D:1)
  5 adders
  2 worms (D:2)
  A dart slug (D:2)
  9 orcs
  7 ball pythons
  9 bats
  5 endoplasms
  2 giant cockroaches (D:1)
  9 goblins
  2 hobgoblins
  9 jackals
  6 kobolds
  3 quokkas
  6 frilled lizards
  6 rats
88 creatures vanquished.

Notes
Turn   | Place    | Note
-------+----------+-------------------------------------------
     0 | D:1      | sleeves the Demigod Hunter began the quest for the Orb.
     0 | D:1      | Reached XP level 1. HP: 17/17 MP: 3/3
    39 | D:1      | HP: 7/14 [kobold/+2 short sword of draining (3)]
    43 | D:1      | Reached skill level 4 in Ranged Weapons
    43 | D:1      | Reached XP level 2. HP: 11/24 MP: 4/4
    44 | D:1      | HP: 10/24 [bat (1)]
   339 | D:1      | Reached skill level 1 in Long Blades
   417 | D:1      | HP: 8/24 [gnoll/+0 club (6)]
   418 | D:1      | HP: 2/24 [gnoll/+0 club (6)]
   420 | D:1      | Reached XP level 3. HP: 3/29 MP: 5/5
   823 | D:2      | Reached skill level 2 in Long Blades
  1255 | D:2      | Reached XP level 4. HP: 36/36 MP: 6/6
  1536 | D:3      | Reached skill level 3 in Long Blades
  2122 | D:3      | Reached XP level 5. HP: 41/41 MP: 7/7
  2146 | D:3      | Reached skill level 4 in Long Blades
  2860 | D:4      | Reached skill level 5 in Long Blades
  2948 | D:4      | HP: 19/41 [orc wizard/magic dart (9)]
  2948 | D:4      | HP: 8/41 [orc priest/divine providence (11)]
  2950 | D:4      | Killed from afar by an orc priest

Illustrated notes

Levels and vault maps discovered:
D:1:      elethiomel_arrival_quiet, layout_loops_ring, st_stairs_13
D:2:      layout_loops_ring, basic_ecumenical_altar, serial_aquarium,
          aquarium_bridge_square [aquarium_subvault_window,
          aquarium_subvault_bridge, aquarium_subvault_bridge,
          aquarium_subvault_window], aquarium_bridge_square
          [aquarium_subvault_window, aquarium_subvault_bridge,
          aquarium_subvault_wall, aquarium_subvault_wall], aquarium_window_1,
          aquarium_window_1, aquarium_view_2e, aquarium_view_4, basic_altar
D:3:      layout_loops_corners
D:4:      layout_loops_cross

Skill      XL: |  1  2  3  4  5 |
---------------+----------------+-----
Ranged Weapons | 4 |  4.3
Long Blades    | 1 2 3 5 |  5.1
Fighting       | |  1.7
Dodging        | |  1.7
Stealth        | |  0.8

Action                   |  1- 3 |  4- 6 || total
-------------------------+-------+-------++-------
Melee: Short sword       |    77 |     2 ||    79
       Punch             |     1 |       ||     1
       Dagger            |       |    48 ||    48
 Fire: Shortbow          |    25 |    97 ||   122
 Stab: Sleeping          |     5 |       ||     5
Armor: Leather armour    |    16 |    27 ||    43
Dodge: Dodged            |    44 |    60 ||   104

Table legend: (Time is in decaauts)
 A = Elapsed time spent in this place.
 B = Non-inter-level travel time spent in this place.
 C = Inter-level travel time spent in this place.
 D = Time resting spent in this place.
 E = Time spent auto-exploring this place.
 F = Levels seen in this place.
 G = Mean time per level.
                   A        B        C        D        E       F      G
               +--------+--------+--------+--------+--------+-----+--------+
         Total |   2963 |   2861 |    102 |      0 |   2355 |   4 |  740.8 |
       Dungeon |   2963 |   2861 |    102 |      0 |   2355 |   4 |  740.8 |
               +--------+--------+--------+--------+--------+-----+--------+

Top non-repeatable levels by time:
     D:3: 980 daAuts
     D:1: 815 daAuts
     D:2: 697 daAuts
     D:4: 469 daAuts
